 Dungeon Crawl Stone Soup version 0.28.0-53-g5a82cb258f (webtiles) character file.

Game seed: 5513301581598218020

424 cbfl8 the Chopper (level 6, -7/53 HPs)
             Began as a Minotaur Fighter on Aug 14, 2022.
             Mangled by a scorpion (8 damage)
             ... on level 3 of the Dungeon.
             The game lasted 00:03:19 (2536 turns).

cbfl8 the Chopper (Minotaur Fighter)                Turns: 2536, Time: 00:03:20

Health: -7/53      AC:  9    Str: 20    XL:     6   Next: 64%
Magic:  5/5        EV:  7    Int:  5    God:
Gold:   70         SH:  5    Dex: 12    Spells: 5/5 levels left

rFire   + + +      SeeInvis .   a - +0 war axe
rCold   + . .      Faith    .   c - +0 buckler
rNeg    . . .      Spirit   .   k - +0 chain mail
rPois   +          Reflect  .   (helmet restricted)
rElec   +          Harm     .   (no cloak)
rCorr   +          Rampage  .   (no gloves)
Will    .....                   (no boots)
Stlth   ..........              (no amulet)
HPRegen 0.17/turn               i - ring of protection from fire
MPRegen 0.09/turn               r - ring of flight

@: lethally poisoned (-7 -> -14), resistant, flying
A: horns 2, retaliatory headbutt, deterioration 1, fire resistance 1
a: no special abilities


You were on level 3 of the Dungeon.
You visited 1 branch of the dungeon, and saw 4 of its levels.

You collected 70 gold pieces.

Inventory:

Hand Weapons
 a - a +0 war axe (weapon)
Missiles
 m - a throwing net
Armour
 c - a +0 buckler (worn)
 k - a +0 chain mail (worn)
Jewellery
 i - a ring of protection from fire (left hand)
 r - a ring of flight (right hand)
Wands
 n - a wand of paralysis (9) (quivered)
 p - a wand of polymorph (2)
Scrolls
 b - a scroll of amnesia {unknown}
 f - 4 scrolls of immolation {unknown}
 h - a scroll of enchant armour {unknown}
 j - a scroll of identify {unknown}
 l - 2 scrolls of noise {unknown}
 o - a scroll of holy word {unknown}
 s - a scroll of teleportation {unknown}
Potions
 d - 3 potions of might
 e - a potion of mutation


   Skills:
 * Level 4.4 Fighting
 * Level 6.1 Axes
 + Level 4.7 Armour
 * Level 1.8 Dodging
 * Level 1.5 Stealth
 + Level 4.2 Shields
 * Level 1.2 Evocations


You had 5 spell levels left.
You didn't know any spells.
Your spell library contained the following spells:

 Spells                   Type           Power      Damage    Failure   Level
 Beastly Appendage        Tmut           0%         N/A       100%        1
 Wereblood                Tmut           0%         N/A       100%        2
 Frozen Ramparts          Ice            0%         1d2       100%        3
 Spider Form              Tmut/Pois      0%         N/A       100%        3
 Ice Form                 Ice/Tmut       0%         N/A       100%        4
 Summon Ice Beast         Ice/Summ       0%         N/A       100%        4


Dungeon Overview and Level Annotations

Branches:
Dungeon (4/15)
 Temple: D:4-7

Altars:
Cheibriados
Makhleb
Nemelex Xobeh
Vehumet
The Shining One

Shops:
D:1 =

Annotations:
D:4 Ijyb


Innate Abilities, Weirdness & Mutations

You have a pair of horns on your head.
You reflexively headbutt those who attack you in melee.
Your body sometimes deteriorates upon taking damage.
Your flesh is heat resistant. (rF+)


Message History

The bolt of acid hits you!!!
Ouch! That really hurt!
* * * LOW HITPOINT WARNING * * *
The acid corrodes you!
Okay, then.
Aiming: Paralyse
Press: ? - help, Q - select action, (/) - cycle Shift-Dir - straight line, f - Ijyb
Aim: Ijyb, wielding a +0 dagger, wearing a +0 scale mail and carrying a wand of acid (7) (chance to affect: 61%) Ijyb suddenly stops moving!
A scorpion comes into view.
You are too injured to fight recklessly!
You are no longer corroded.
There is a stone staircase leading down here.
The scorpion stings you but does no damage.
The scorpion barely misses you.
There is a stone staircase leading up here.
The scorpion stings you!
* * * LOW HITPOINT WARNING * * *
You are lethally poisoned!
The scorpion poisons you!
You fly upwards.
* * * LOW HITPOINT WARNING * * *
You feel very sick.
There is a stone staircase leading down here.
You feel better. The scorpion stings you.
* * * LOW HITPOINT WARNING * * *
You are lethally poisoned!
The scorpion poisons you!
Unknown command.
It was a potion of mutation.
You feel extremely strange.
You feel resistant to heat.
You feel yourself wasting away.
* * * LOW HITPOINT WARNING * * *
You feel very sick. You block the scorpion's attack.
It was a potion of resistance.
You feel protected.
* * * LOW HITPOINT WARNING * * *
You feel very sick. The scorpion stings you!
You die...

###### #######....#
###....†..##.# ####
###...########.# ...#
#########...###### #.. ##.#
###......@s<####...######.
.#.#####...############......#
#.
.........########............#
#.
#####...).....(......<.......#
#. ###.####..########.......# #.
#.#....#...............# #.
######........########.########.
##......######## #####..# ##...
...##..>###### ##.....## ##..##


You could see a scorpion.

Vanquished Creatures
  Grinder (D:4)
  A hound (D:4)
  An iguana (D:3)
  Natasha (thrice) (D:2)
  2 adders (D:3)
  A dart slug (D:2)
  2 orcs
  6 ball pythons
  4 bats
  4 endoplasms
  2 giant cockroaches
  3 goblins
  A hobgoblin (D:3)
  7 jackals
  3 quokkas
  2 frilled lizards (D:3)
  8 kobolds
  9 rats
60 creatures vanquished.

Vanquished Creatures (others)
  An orc (D:4)
1 creature vanquished.

Grand Total: 61 creatures vanquished

Notes
Turn   | Place    | Note
-------+----------+-------------------------------------------
     0 | D:1      | cbfl8 the Minotaur Fighter began the quest for the Orb.
     0 | D:1      | Reached XP level 1. HP: 19/19 MP: 0/0
   170 | D:1      | Reached XP level 2. HP: 26/27 MP: 1/1
   181 | D:1      | Found Ungealam's Jewellery Shop.
   636 | D:1      | Reached skill level 3 in Axes
   903 | D:2      | Noticed Natasha
   908 | D:2      | Killed Natasha
   909 | D:2      | Reached XP level 3. HP: 30/33 MP: 2/2
  1353 | D:2      | Reached XP level 4. HP: 40/40 MP: 3/3
  1408 | D:2      | Noticed Natasha
  1415 | D:2      | Killed Natasha
  1416 | D:2      | Reached skill level 4 in Axes
  1492 | D:2      | Noticed Natasha
  1500 | D:2      | Killed Natasha
  1832 | D:3      | Reached skill level 1 in Dodging
  1832 | D:3      | Reached XP level 5. HP: 34/46 MP: 4/4
  1951 | D:3      | Found a faded altar of an unknown god.
  2190 | D:3      | Reached skill level 5 in Axes
  2213 | D:3      | Found a snail-covered altar of Cheibriados.
  2218 | D:3      | Found a sparkling altar of Nemelex Xobeh.
  2218 | D:3      | Found a burning altar of Makhleb.
  2229 | D:3      | Found a radiant altar of Vehumet.
  2232 | D:3      | Found a glowing golden altar of the Shining One.
  2426 | D:4      | Reached skill level 1 in Stealth
  2460 | D:4      | Noticed Grinder
  2469 | D:4      | Paralysed by Grinder for 3 turns
  2473 | D:4      | Killed Grinder
  2474 | D:4      | Reached skill level 6 in Axes
  2474 | D:4      | Reached skill level 1 in Evocations
  2474 | D:4      | Reached XP level 6. HP: 47/53 MP: 5/5
  2514 | D:4      | Noticed Ijyb
  2535 | D:3      | Gained mutation: Your flesh is heat resistant. (rF+)
                  | [potion of mutation]
  2535 | D:3      | Gained mutation: Your body sometimes deteriorates upon
                  | taking damage. [potion of mutation]
  2536 | D:3      | HP: 1/53 [poisoned by a scorpion]
  2536 | D:3      | Mangled by a scorpion

Illustrated notes

Levels and vault maps discovered:
D:1:      scummos_arrival_simple_fountains, layout_basic, serial_shops,
          nicolae_square_shop, corexii_leaking_fountain,
          minmay_misc_feat_square, item_on_display_a
D:2:      minmay_alternating_diamond, layout_loops_ring, uniq_natasha
D:3:      layout_rooms, minmay_overflow_temple_star_hex,
          ebering_ecumenical_altar_webs
D:4:      layout_rooms, grunt_gozag_breadcrumbs,
          mainiacjoe_overflow_small_starburst, uniq_ijyb, uniq_grinder

Skill      XL: |  1  2  3  4  5 |
---------------+----------------+-----
Armour         | 4 |  4.7
Axes           | 3 4 6 |  6.1
Shields        | 4 |  4.2
Fighting       | 4 |  4.4
Dodging        | 1 |  1.8
Stealth        | 1 |  1.5
Evocations     | 1 |  1.2

Action                   |  1- 3 |  4- 6 || total
-------------------------+-------+-------++-------
Melee: War axe           |    70 |    66 ||   136
       Headbutt          |     7 |     7 ||    14
Evoke: Wand              |       |     1 ||     1
  Use: Potion            |       |     3 ||     3
Armor: Scale mail        |    17 |       ||    17
       Chain mail        |    18 |    37 ||    55
Dodge: Dodged            |    31 |    25 ||    56
Block: Buckler           |    18 |    17 ||    35
